 Dungeon Crawl Stone Soup version 0.31-a0-1549-g5ff9445e89 (webtiles) character file.

Game seed: 12122831623854569978

60 voltaire321 the Apothecary (level 3, -5/26 HPs)
             Began as a Demonspawn Alchemist on Jan 2, 2024.
             Slain by Grinder (6 damage)
             ... while paralysed by Grinder
             ... on level 3 of the Dungeon.
             The game lasted 00:04:16 (1958 turns).

voltaire321 the Apothecary (Demonspawn Alchemist)   Turns: 1958, Time: 00:04:17

Health: -5/26      AC: 11    Str: 10    XL:     3   Next: 82%
Magic:  6/6        EV:  2    Int: 15    God:
Gold:   115        SH:  0    Dex: 13    Spells: 5/6 levels left

rFire   . . .        g - +2 dagger (venom)
rCold   . . .        (no shield)
rNeg    . . .        a - +0 ring mail
rPois   .            (no helmet)
rElec   .            (no cloak)
rCorr   .            (no gloves)
SInv    .            (no boots)
Will    .....        (no amulet)
Stlth   +            (no ring)
HPRegen 0.24/turn    (no ring)
MPRegen 0.10/turn

%: no passive effects
@: paralysed, sanguine armoured
A: sanguine armour 1, condensation shield
a: no special abilities


You were on level 3 of the Dungeon.
You visited 1 branch of the dungeon, and saw 3 of its levels.

You collected 115 gold pieces.

Inventory:

Hand Weapons
 g - a +2 dagger of venom (weapon)
Armour
 a - a +0 ring mail (worn)
Scrolls
 c - a scroll of identify {unknown}
 e - a scroll of teleportation {unknown}
 f - 3 scrolls of blinking {unknown}
 h - a scroll of vulnerability {unknown}
 i - 4 scrolls of enchant armour {unknown}
 j - a scroll of poison {unknown}
Potions
 b - a potion of magic
 d - 2 potions of degeneration {unknown}


   Skills:
 + Level 1.2 Fighting
 + Level 1.0 Armour
 + Level 2.1 Dodging
 - Level 1.7 Stealth
 + Level 2.3 Spellcasting
 + Level 1.6 Conjurations
 + Level 3.4 Alchemy


You had 5 spell levels left.
You knew the following spells:

 Your Spells              Type           Power      Damage    Failure   Level
a - Sting                 Conj/Alch      36%        1d5       19%         1

Your spell library contained the following spells:

 Spells                   Type           Power      Damage    Failure   Level
 Mercury Vapours          Alch/Air       12%        N/A       38%         2
 Call Imp                 Summ           2%         N/A       63%         2
 Sublimation of Blood     Necr           1%         N/A       63%         2
 Mephitic Cloud           Conj/Alch/Air  6%         N/A       63%         3
 Olgreb's Toxic Radiance  Alch           12%        N/A       78%         4
 Sticky Flame             Fire/Alch      6%         2d4       95%         4
 Summon Hydra             Summ           0%         N/A       100%        7


Dungeon Overview and Level Annotations

Branches:
Dungeon (3/15)

Altars:

Annotations:
D:3 Grinder


Innate Abilities, Weirdness & Mutations

When seriously injured, your blood forms armour. (AC +6)
A meltable shield of frost defends you. (SH +4)


Message History

The goblin shouts!
You hear a shout!
A goblin comes into view. It is wielding a +0 club.
A hobgoblin comes into view.
The hobgoblin shouts!
You closely miss Grinder.
You hear a shout! x3
Grinder gestures at you.
You suddenly lose the ability to move!
A hobgoblin comes into view.
Grinder barely misses you.
The hobgoblin shouts!
A hobgoblin comes into view.
Grinder hits you but does no damage.
The goblin shouts!
Grinder completely misses you.
A goblin comes into view. It is wielding a +3 dagger.
A hobgoblin comes into view.
The goblin hits you but does no damage. Grinder hits you.
You writhe in agony.
Your blood congeals into armour.
You can move again.
The goblin closely misses you. The goblin attacks as it pursues you!
The goblin barely misses you. The goblin attacks as it pursues you!
The goblin hits you but does no damage.
Grinder blinks!
Grinder hits you.
You writhe in agony.
You hit Grinder but do no damage. You block Grinder's attack.
The goblin closely misses you.
Grinder says, "Don't move a muscle."
Grinder gestures at you.
You suddenly lose the ability to move!
Grinder hits you.
* * * LOW HITPOINT WARNING * * *
You writhe in agony.
* * * LOW HITPOINT WARNING * * *
The goblin completely misses you. Grinder hits you but does no damage.
The goblin hits you with a +0 dagger.
* * * LOW HITPOINT WARNING * * *
Grinder hits you.
You die...
Grinder says, "Hey, I wasn't done torturing you yet!"

### ..# ## #.# .. #+#
#.# ...#.##.# #.#
........# #.# .#
##.##<####.# .#
#........5@# .#
.....#######g####.#####g
###. ###gg..g.g..... #
###..g...g.......
#................
....#..............
####...............
#....#+######### ......#


You could see Grinder, 2 hobgoblins and 2 goblins.

Vanquished Creatures
  2 adders (D:2)
  2 dart slugs
  A giant cockroach (D:2)
  5 goblins
  5 hobgoblins
  3 kobolds
  3 quokkas
  5 ball pythons
  6 bats
  2 frilled lizards
  A rat (D:2)
35 creatures vanquished.

Notes
Turn   | Place    | Note
-------+----------+-------------------------------------------
     0 | D:1      | voltaire321 the Demonspawn Alchemist began the quest for
                  | the Orb.
     0 | D:1      | Reached XP level 1. HP: 13/13 MP: 3/3
   423 | D:1      | Gained mutation: When seriously injured, your blood forms
                  | armour. (AC +6) [demonic ancestry]
   423 | D:1      | Reached XP level 2. HP: 20/20 MP: 3/5
  1439 | D:2      | Gained mutation: A meltable shield of frost defends you.
                  | (SH +4) [demonic ancestry]
  1439 | D:2      | Reached XP level 3. HP: 25/25 MP: 4/6
  1467 | D:2      | Reached skill level 1 in Fighting
  1805 | D:2      | Reached skill level 1 in Armour
  1941 | D:3      | Noticed Grinder
  1945 | D:3      | Paralysed by Grinder for 5 turns
  1955 | D:3      | Paralysed by Grinder for 5 turns
  1956 | D:3      | HP: 1/26 [Grinder (6)]
  1958 | D:3      | Slain by Grinder

Illustrated notes

Levels and vault maps discovered:
D:1:      wander_arrival_desolate, layout_basic
D:2:      layout_basic, bh_walls_and_bars
D:3:      layout_basic, cheibrodos_sewer_entry_bend, uniq_grinder, uniq_robin

Skill      XL: |  1  2  3 |
---------------+----------+-----
Dodging        | 2 |  2.1
Fighting       | 1 |  1.2
Armour         | 1 |  1.0
Stealth        | |  1.7
Spellcasting   | |  2.3
Conjurations   | |  1.6
Alchemy        | |  3.4

Action                     || total
---------------------------++-------
  Melee: Unarmed           ||    16
         Dagger            ||    29
         Punch             ||     1
   Cast: Sting             ||    47
 Armour: Robe              ||    14
         Ring mail         ||    15
         Leather armour    ||     2
  Dodge: Dodged            ||    34
  Block: Other             ||     4

Table legend: (Time is in decaauts)
 A = Elapsed time spent in this place.
 B = Non-inter-level travel time spent in this place.
 C = Inter-level travel time spent in this place.
 D = Time resting spent in this place.
 E = Time spent auto-exploring this place.
 F = Levels seen in this place.
 G = Mean time per level.
                   A        B        C        D        E       F      G
               +--------+--------+--------+--------+--------+-----+--------+
         Total |   1956 |   1902 |     54 |    190 |   1368 |   3 |  652.0 |
       Dungeon |   1956 |   1902 |     54 |    190 |   1368 |   3 |  652.0 |
               +--------+--------+--------+--------+--------+-----+--------+

Top non-repeatable levels by time:
     D:1: 1158 daAuts
     D:2: 772 daAuts
     D:3: 25 daAuts
